 Dungeon Crawl Stone Soup version 0.23.2-33-g5129a83184 (webtiles) character file.

Game seed: 9397479437049420898

239 Folque the Digger (level 5, -5/41 HPs)
             Began as a Draconian Earth Elementalist on July 24, 2019.
             Killed by divine providence
             ... invoked by an orc priest
              (13 damage)
             ... on level 3 of the Dungeon.
             The game lasted 00:06:52 (1889 turns).

Folque the Digger (Draconian Earth Elementalist)    Turns: 1889, Time: 00:06:54

Health: -5/41      AC:  5    Str: 10    XL:     5   Next: 79%
Magic:  0/10       EV: 12    Int: 16    God:
Gold:   71         SH:  0    Dex: 17    Spells: 4/10 levels left

rFire    . . .     SeeInvis .   q - +0 rapier
rCold    . . .     Gourm    .   (no shield)
rNeg     . . .     Faith    .   (armour unavailable)
rPois    .         Spirit   .   (helmet restricted)
rElec    .         Reflect  .   (no cloak)
rCorr    .         Harm     .   (no gloves)
MR       .....                  (no boots)
Stlth    ++........             (no amulet)
HPRegen  0.13/turn              k - +5 ring of dexterity
MPRegen  0.12/turn              u - +4 ring of slaying

@: no status effects
A: unfitting armour, cold-blooded, AC +5
a: no special abilities


You were on level 3 of the Dungeon.
You were very hungry.

You visited 1 branch of the dungeon, and saw 3 of its levels.

You collected 71 gold pieces.

Inventory:

Hand Weapons
 d - a +0 dagger
 q - a +0 rapier (weapon)
Missiles
 b - 27 stones (quivered)
Jewellery
 k - a +5 ring of dexterity (left hand)
 u - a +4 ring of slaying (right hand)
Wands
 n - a wand of paralysis (12)
 r - a wand of digging (7)
 s - a wand of random effects (18)
Scrolls
 a - a scroll of remove curse
 e - 2 scrolls of identify
 g - a scroll of enchant armour {unknown}
 t - 2 scrolls of magic mapping {unknown}
 v - a scroll of amnesia {unknown}
 w - a scroll of immolation {unknown}
Potions
 f - a potion of curing
 h - 2 potions of mutation {unknown}
 i - a potion of haste {unknown}
 j - a potion of resistance {unknown}
 l - a potion of ambrosia {unknown}
 o - a potion of lignification {unknown}
 p - 2 potions of flight {unknown}
 x - a potion of heal wounds {unknown}
Comestibles
 c - 2 rations
 m - a chunk of flesh


   Skills:
 - Level 2.0 Fighting
 - Level 1.7 Dodging
 - Level 1.7 Stealth
 + Level 3.3 Spellcasting
 - Level 3.0 Conjurations
 - Level 1.0 Transmutations
 + Level 4.2 Earth Magic


You had 4 spell levels left.
You knew the following spells:

 Your Spells              Type           Power        Failure   Level  Hunger
a - Sandblast             Erth           ###...       3%          1    None
b - Passwall              Tmut/Erth      ##......     10%         2    ##.....
c - Stone Arrow           Conj/Erth      ##....       12%         3    ###....

Your spell library contained the following spells:

 Spells                   Type           Power        Failure   Level  Hunger
 Petrify                  Tmut/Erth      ##......     52%         4    ####...
 Lee's Rapid Deconstruct  Erth           ###.......   65%         5    ######.


Dungeon Overview and Level Annotations

Branches:
Dungeon (3/15)

Altars:
Dithmenos
Kikubaaqudgha

Annotations:
D:3 Natasha


Innate Abilities, Weirdness & Mutations

Your plain brown scales are hard. (AC +5)
You cannot fit into any form of body armour.
You are cold-blooded and may be slowed by cold attacks.


Message History

Natasha wildly gestures.
You feel disoriented.
You hear a shout!
You puncture the orc!
You kill the orc!
You hear a shout!
The orc priest hits you with a +0 hand axe.
* * * LOW HITPOINT WARNING * * *
Casting: Sandblast (safe; 3% risk of failure)
Confirm with . or Enter, or press ? or * to list all spells.
Aiming: Sandblast (safe; 3% risk of failure)
Press: ? - help, Shift-Dir - straight line, f/p - orc priest
Aim: an orc priest, wielding a +0 hand axe and wearing a +0 leather armour (heavily wounded)
The blast of sand hits the orc priest.
The orc priest is severely wounded.
b - 27 stones You are feeling very hungry.
The orc priest mumbles some strange prayers to Beogh against you.
Beogh smites you!
You die...

#.##....... #...
#o#.........#...
#.#.((......##.. ###
#..:.h......###.
#..####....(.....#
##
#....##.o........#
#..o............#
###o#..(........####
#@##..............
#.##..........####
#..#..............
##.#..............
.#..#...........
.#..###...<..)..
.#.?# ##........
.... #........
##..## #........


You could see an orc priest and an orc wizard.

Vanquished Creatures
  Sigmund (D:3)
  An adder (D:3)
  An ooze (D:1)
  2 worms
  A dart slug (D:3)
  3 leopard geckos
  5 orcs (D:3)
  5 bats
  4 goblins
  5 hobgoblins
  6 kobolds
  2 quokkas
  A ball python (D:3)
  5 frilled lizards
  A leopard gecko zombie (D:2)
  8 rats
51 creatures vanquished.

Notes
Turn   | Place    | Note
-------+----------+-------------------------------------------
     0 | D:1      | Folque the Draconian Earth Elementalist began the quest for
                  | the Orb.
     0 | D:1      | Reached XP level 1. HP: 14/14 MP: 3/3
   367 | D:1      | Reached skill level 1 in Fighting
   367 | D:1      | Reached XP level 2. HP: 19/23 MP: 3/5
  1005 | D:2      | Learned a level 2 spell: Passwall
  1058 | D:2      | Reached XP level 3. HP: 15/29 MP: 6/6
  1066 | D:2      | Learned a level 3 spell: Stone Arrow
  1325 | D:3      | Found a shadowy altar of Dithmenos.
  1540 | D:3      | Noticed Sigmund
  1543 | D:3      | Found a faded altar of an unknown god.
  1577 | D:3      | Reached skill level 1 in Conjurations
  1577 | D:3      | Reached XP level 4. HP: 36/36 MP: 1/8
  1769 | D:3      | Found an ancient bone altar of Kikubaaqudgha.
  1837 | D:3      | Killed Sigmund
  1837 | D:3      | Reached skill level 4 in Earth Magic
  1837 | D:3      | Reached XP level 5. HP: 41/41 MP: 0/10
  1870 | D:3      | Noticed Natasha
  1889 | D:3      | Killed from afar by an orc priest

Skill      XL: |  1  2  3  4 |
---------------+-------------+-----
Fighting       | 1 2 |  2.0
Conjurations   | 1 3 |  3.0
Spellcasting   | 3 |  3.3
Earth Magic    | 4 |  4.2
Dodging        | |  1.7
Stealth        | |  1.7
Transmutations | |  1.0

Action                   |  1- 3 |  4- 6 || total
-------------------------+-------+-------++-------
Melee: Dagger            |    82 |       ||    82
       Tailslap          |     8 |     2 ||    10
       Rapier            |    32 |    17 ||    49
 Cast: Sandblast         |    12 |     6 ||    18
       Stone Arrow       |     3 |     2 ||     5
  Use: Scroll            |     2 |       ||     2
       Potion            |       |     1 ||     1
 Stab: Sleeping          |     2 |     1 ||     3
  Eat: Chunk             |     2 |     1 ||     3
Armor: Skin              |    33 |     5 ||    38
Dodge: Dodged            |    99 |     8 ||   107
